AoeStats
← Simon Stokvis

African Clearing

506169525Analyzed
4v4 RM · 19d ago on Sep 12, 2026· 47m 22s· 8 players
Game mode
Random Map
Map size
Large (8 player)
Population
200
Speed
Normal
Resources
Standard
Victory
Conquest
Starting age
Dark Age
Ending age
Imperial Age
RankedLock teamsTeams togetherTeam positionsShared explorationLock speedFull tech treeHidden civsTurbo modeCheats
Victory
Defeat
🇹🇷 Inca · Türkiye
1510
+15
🇺🇿 Goths · Uzbekistan
1444
+17
🇹🇷 Berbers · Türkiye
1441
+17
🇬🇧 Mapuche · United Kingdom
1433
+18
🇳🇱 Gurjaras · Netherlands
1506
-18
🇰🇷 Britons · South Korea
1494
-18
🇹🇼 Berbers · Taiwan
1462
-16
🇨🇳 Persians · China
1432
-15
Miru
10:36 Loom
13:27 Feudal Age
14:06 Double-Bit Axe
16:11 Scale Barding Armor
16:20 Forging
17:35 Horse Collar
19:31 Scale Barding Armor
23:41 Castle Age
21:55 Fletching
23:26 Padded Archer Armor
24:45 Bow Saw
30:47 Husbandry
34:46 Gold Mining
34:50 Stone Mining
36:39 Wheelbarrow
38:19 Hand Cart
40:21 Ballistics
40:07 Murder Holes
43:59 Imperial Age
42:38 Kasbah
42:47 Town Watch
43:27 Bodkin Arrow
43:29 Treadmill Crane
44:42 Chain Barding Armor
44:57 Iron Casting
44:38 Leather Archer Armor
44:46 Bracer
45:10 Thumb Ring
45:32 Conscription
45:26 Masonry
46:17 Chemistry
45:27 Elite Camel Archer
46:27 Bloodlines
45:37 Cavalier
남조선사람
3:30 Loom
12:58 Feudal Age
16:33 Castle Age
14:22 Double-Bit Axe
14:37 Horse Collar
17:30 Bow Saw
17:21 Heavy Plow
20:41 Fletching
22:02 Wheelbarrow
21:27 Fishing Lines
21:35 Town Watch
26:20 Bodkin Arrow
26:33 Man-at-Arms
26:59 Gambesons
28:05 Pikeman
28:09 Long Swordsman
30:29 Scale Mail Armor
33:43 Squires
33:55 Forging
33:58 Padded Archer Armor
36:00 Iron Casting
37:34 Chain Mail Armor
40:53 Imperial Age
38:01 Pikeman
39:36 Ballistics
43:23 Imperial Age
41:56 Murder Holes
44:23 Two-Handed Swordsman
46:13 Hand Cart
45:46 Two-Handed Swordsman
Simon Stokvis
5:07 Loom
14:29 Feudal Age
18:51 Castle Age
25:31 Ballistics
43:01 Imperial Age
GGboy
12:47 Feudal Age
16:33 Castle Age
14:25 Double-Bit Axe
16:29 Loom
17:34 Wheelbarrow
18:11 Bow Saw
21:51 Horse Collar
23:17 Hand Cart
26:24 Heavy Plow
26:47 Stone Mining
26:48 Gold Mining
35:06 Imperial Age
33:39 Scale Barding Armor
33:44 Forging
33:53 Bloodlines
33:43 Husbandry
35:06 Chain Barding Armor
35:53 Iron Casting
34:55 Cavalier
36:56 Gold Shaft Mining
37:34 Conscription
36:57 Savar
38:39 Plate Barding Armor
39:18 Blast Furnace
CBRM
4:55 Loom
13:42 Feudal Age
19:52 Castle Age
19:02 Double-Bit Axe
21:03 Bow Saw
21:06 Fletching
23:12 Ballistics
23:35 Bodkin Arrow
25:20 Padded Archer Armor
29:50 Wheelbarrow
29:36 Fishing Lines
31:27 Horse Collar
34:46 Imperial Age
33:08 Leather Archer Armor
33:17 Kasbah
35:50 Conscription
35:32 Bracer
36:52 Chemistry
37:08 Ring Archer Armor
36:54 Husbandry
38:06 Bloodlines
38:13 Gold Mining
39:19 Hand Cart
39:55 Heavy Camel Rider
41:05 Scale Barding Armor
41:38 Forging
43:15 Chain Barding Armor
MinorCloud9519
11:04 Loom
13:17 Feudal Age
14:34 Town Watch
17:23 Castle Age
15:16 Double-Bit Axe
16:04 Gold Mining
17:26 Horse Collar
19:15 Bow Saw
20:47 Heavy Plow
23:09 Wheelbarrow
27:16 Fletching
31:49 Imperial Age
29:31 Stone Mining
30:38 Hand Cart
31:20 Forging
31:10 Scale Mail Armor
32:17 Squires
32:03 Arson
32:23 Bodkin Arrow
33:03 Iron Casting
33:21 Crop Rotation
33:27 Gold Shaft Mining
33:45 Conscription
34:39 Chemistry
34:02 Ballistics
34:33 Chain Mail Armor
34:12 Capped Ram
34:50 Elite Kamayuk
36:27 Plate Mail Armor
37:29 Blast Furnace
37:48 Fabric Shields
39:05 Siege Ram
40:18 Coinage
40:18 Siege Engineers
karbid
3:05 Loom
13:27 Feudal Age
18:09 Castle Age
16:43 Gold Mining
16:42 Double-Bit Axe
16:40 Horse Collar
18:23 Wheelbarrow
19:17 Town Watch
20:55 Squires
23:18 Scale Mail Armor
25:06 Chain Mail Armor
25:02 Forging
27:26 Iron Casting
29:33 Hand Cart
34:55 Anarchy
39:16 Imperial Age
37:50 Heavy Plow
38:04 Bow Saw
38:16 Gold Mining
40:45 Perfusion
40:36 Elite Huskarl
43:03 Blast Furnace
43:44 Pikeman
44:24 Halberdier
Locke
13:29 Feudal Age
17:27 Castle Age
15:51 Double-Bit Axe
16:51 Fletching
17:32 Loom
18:06 Bodkin Arrow
19:36 Wheelbarrow
32:04 Bow Saw
32:11 Stone Mining
33:55 Hand Cart
34:15 Horse Collar
35:49 Ballistics
35:10 Treadmill Crane
36:52 Gold Mining
37:38 Stone Shaft Mining
37:44 Town Watch
43:46 Imperial Age
41:35 Padded Archer Armor
42:23 Masonry
42:23 Herbal Medicine
42:56 Heavy Plow
43:55 Malon
43:52 Elite Bolas Rider
45:57 Conscription
46:03 Butalmapu
46:22 Pikeman
47:03 Scale Mail Armor
47:14 Forging
Connection lost

Rejoining the realm…

Still unreachable

The connection could not be restored.

Session expired

The server has moved on; the page needs a fresh start.